[Event "Titled Tuesday Blitz February 07 Late 2023"]
[White "Goroshkov, Maksym"]
[Black "Herman, Daniel"]
[WhiteFideId "14142716"]
[BlackFideId "30935008"]
[WhiteElo "2287"]
[BlackElo "1956"]
[Result "1/2-1/2"]
[Round "05"]
[TimeControl "180+2"]
[Date "2023.02.07"]
[WhiteClock "0:00:46"]
[BlackClock "0:00:48"]

1. e4 c6 2. d4 d5 3. exd5 cxd5 4. c4 Nf6 5. Nc3 Nc6 6. Nf3 Bg4 7. cxd5 Nxd5 8. Bc4 e6 9. O-O Be7 10. Be3 O-O 11. h3 Bh5 12. Be2 Rc8 13. Ne4 Qb6 14. Ng3 Bg6 15. Qb3 Qxb3 16. axb3 a6 17. Rac1 Ncb4 18. Rxc8 Rxc8 19. Rc1 Rxc1+ 20. Bxc1 Bc2 21. Nd2 Bf6 22. Nf3 Bxb3 23. Ne4 Be7 24. Bg5 f6 25. Bd2 Kf7 26. g4 b6 27. g5 a5 28. gxf6 gxf6 29. Nh2 Nc6 30. Bh5+ Kg7 31. Nf3 b5 32. Ng3 a4 33. Bg4 Nb6 34. Nh5+ Kf7 35. Nf4 b4 36. Bh5+ Kg7 37. Be8 Na5 38. Nd3 Nd5 39. Bd7 a3 40. bxa3 bxa3 41. Nc1 Bb4 42. Bxe6 a2 43. Nxa2 Bxa2 44. Bxd5 Bxd5 45. Bxb4 Bxf3 46. Bxa5 Kf7 47. Bd8 Ke6 48. Kh2 f5 49. Kg3 Be2 50. Kf4 Bd3 51. h4 Kd5 52. Bb6 Be4 53. h5 Ke6 54. Kg5 Bd3 55. f4 Be2 56. Kh6 Bg4 57. Kg5 Kd5 58. h6 Ke4 59. Kf6 Bh5 60. Bc7 Kxd4 61. Kxf5 Kd5 62. Kf6 Ke4 63. Bd6 Bg6 64. Ke6 Bf5+ 65. Ke7 Bg6 66. Kf6 Bf5 67. Kg7 Bg6 68. Be5 Bf5 69. Kg8 Bg6 70. Kg7 Bf5 71. Kf8 Bg6 72. Ke7 Bf5 73. Kd6 Bg6 74. Kd7 Bf5+ 75. Kd8 Bg6 76. Ke7 Bf5 77. Kf6 Bg6 78. Kg5 Bf5 79. Bb8 Bg6 80. Kh4 Bf5 81. Kg3 Bg6 82. Kf2 Bf5 83. Ke2 Bg6 84. Kd2 Bf5 85. Kc3 Bg6 86. Kc4 Bf5 87. Kc5 Bg6 88. Kc6 Bf5 89. Bc7 Bg6 90. Kd7 Bf5+ 91. Ke7 Bg6 92. Kf6 Bf5 93. Kg5 Bg6 94. Bd6 Bf5 95. Kf6 Bg6 96. Ke6 Bf5+ 97. Ke7 Bg6 98. Kd8 Bf5 99. Bb8 Bg6 100. Ke7 Bf5 101. Kf8 Bg6 102. Kg8 Bf5 103. Kh8 Bg6 104. Kg7 Bf5 105. Kf6 Bg6 106. Kg5 Bf5 107. Kh4 Bg6 108. Kh3 Bf5+ 109. Kg2 Bg6 110. Kg3 Bf5 111. Kh4 1/2-1/2


[Site "https://www.chess.com"]

[Event "Titled Tuesday Blitz February 07 Late 2023"]
[White "Cori T., Deysi"]
[Black "Fernandez Garcia, Gumersindo"]
[WhiteFideId "3801934"]
[BlackFideId "24516740"]
[WhiteElo "2362"]
[BlackElo "2160"]
[Result "0-1"]
[Round "05"]
[TimeControl "180+2"]
[Date "2023.02.07"]
[WhiteClock "0:00:01"]
[BlackClock "0:00:15"]

1. d4 Nf6 2. Nf3 g6 3. g3 Bg7 4. Bg2 O-O 5. O-O d6 6. b3 Nbd7 7. Bb2 c6 8. Nbd2 Qc7 9. a4 Re8 10. Nc4 d5 11. Nce5 Nxe5 12. Nxe5 Nd7 13. f4 f6 14. Nd3 e5 15. fxe5 fxe5 16. e3 e4 17. Nf4 Nf6 18. c4 Bg4 19. Qc2 Rac8 20. Rac1 Qd7 21. h3 Bf5 22. g4 Be6 23. Qf2 g5 24. Nxe6 Qxe6 25. Qf5 h6 26. Rc2 Rcd8 27. Rcf2 Qxf5 28. Rxf5 Rf8 29. Ba3 Rf7 30. h4 gxh4 31. g5 hxg5 32. Rxg5 Ne8 33. cxd5 Rxf1+ 34. Bxf1 cxd5 35. Rg4 Nf6 36. Rxh4 Rc8 37. Bh3 Rc6 38. Bb4 Kf7 39. Bf1 b6 40. a5 Rc1 41. axb6 axb6 42. Kf2 Rb1 43. Bd6 Rxb3 44. Be2 Kg6 45. Rh1 Bh6 46. Rh3 Bg5 47. Rg3 Kf5 48. Bf1 Bxe3+ 49. Ke2 Ng4 50. Bh3 Rb2+ 51. Kd1 Bxd4 52. Bxg4+ Kf6 53. Be2 Be5 54. Bxe5+ Kxe5 55. Rg6 d4 56. Bc4 d3 57. Ba6 Kd4 58. Re6 Ke3 59. Kc1 Rc2+ 60. Kb1 Rc3 61. Bb7 Rc4 62. Bd5 Rb4+ 63. Kc1 d2+ 64. Kc2 Rb2+ 65. Kxb2 d1=Q 66. Rxe4+ Kd3 67. Rb4 Qd2+ 68. Ka3 Qc1+ 69. Ka2 Qc5 70. Rb3+ Kd4 71. Be6 Qc2+ 72. Ka3 Qc5+ 73. Ka2 b5 0-1


[Site "https://www.chess.com"]

[Event "Titled Tuesday Blitz February 07 Late 2023"]
[White "Becerra, Juan David"]
[Black "Koc, Przemyslaw"]
[WhiteFideId "4404998"]
[BlackFideId "1109081"]
[WhiteElo "2382"]
[BlackElo "2346"]
[Result "1-0"]
[Round "05"]
[TimeControl "180+2"]
[Date "2023.02.07"]
[WhiteClock "0:00:57"]
[BlackClock "0:00:53"]

1. e4 e5 2. Nf3 Nf6 3. Nc3 d6 4. Bc4 Be7 5. d3 c6 6. a3 O-O 7. Ba2 b5 8. Ne2 a5 9. O-O Bg4 10. Ng3 Nbd7 11. h3 Bxf3 12. Qxf3 Re8 13. Nf5 Bf8 14. Bg5 Qc7 15. Nh6+ gxh6 16. Bxf6 Nxf6 17. Qxf6 Bg7 18. Qf5 Qe7 19. f4 Rf8 20. c3 b4 21. axb4 axb4 22. fxe5 Qxe5 23. Bxf7+ Kh8 24. Rxa8 Rxa8 25. Qxe5 Bxe5 26. d4 Bg3 27. cxb4 Rb8 28. d5 cxd5 29. Bxd5 Be5 30. b3 Rxb4 31. Rf7 Rd4 32. Kf2 h5 33. g4 h4 34. g5 Rd2+ 35. Ke3 Rg2 36. Rf8+ Kg7 37. Rg8# 1-0


[Site "https://www.chess.com"]

[Event "Titled Tuesday Blitz February 07 Late 2023"]
[White "Shapiro, Viktor"]
[Black "Mesa Cruz, Juan Carlos"]
[WhiteFideId "4175700"]
[BlackFideId "6423400"]
[WhiteElo "2192"]
[BlackElo "2122"]
[Result "1-0"]
[Round "05"]
[TimeControl "180+2"]
[Date "2023.02.07"]
[WhiteClock "0:01:13"]
[BlackClock "0:00:51"]

1. c4 Nf6 2. Nc3 e6 3. Nf3 d5 4. d4 dxc4 5. Bg5 Bb4 6. e3 c5 7. Bxc4 Nbd7 8. O-O cxd4 9. Qxd4 O-O 10. Rfd1 Qe7 11. Ne4 h6 12. Bh4 g5 13. Nfxg5 Nxe4 14. Nxe6 Ndf6 15. Nxf8 Kxf8 16. Bd3 Bc5 17. Qc4 Be6 18. Qc2 Rc8 19. Bxe4 1-0


[Site "https://www.chess.com"]

[Event "Titled Tuesday Blitz February 07 Late 2023"]
[White "Mikhalsky, Vladimir"]
[Black "Chan, Luis"]
[WhiteFideId "14144352"]
[BlackFideId "3216357"]
[WhiteElo "2219"]
[BlackElo "2208"]
[Result "1-0"]
[Round "05"]
[TimeControl "180+2"]
[Date "2023.02.07"]
[WhiteClock "0:00:19"]
[BlackClock "0:00:04"]

1. c4 Nf6 2. Nc3 e5 3. g3 Bb4 4. Bg2 O-O 5. e4 Bxc3 6. bxc3 d6 7. Ne2 Be6 8. d3 Nbd7 9. a4 a5 10. Ba3 Qb8 11. h3 Qa7 12. O-O Nh5 13. Kh2 Nc5 14. f4 f6 15. Ng1 g6 16. f5 Bf7 17. fxg6 hxg6 18. Nf3 Kg7 19. Nh4 Rh8 20. d4 Ne6 21. Qg4 Ng5 22. Rxf6 Nxf6 23. Qxg5 Nd7 24. Nf5+ Kg8 25. Nh6+ Rxh6 26. Qxh6 Rf8 27. c5 Qa6 28. Bf1 Qa7 29. Bb5 c6 30. Bd3 dxc5 31. d5 cxd5 32. exd5 Qa6 33. Bxa6 1-0


[Site "https://www.chess.com"]

[Event "Titled Tuesday Blitz February 07 Late 2023"]
[White "Taboas Rodriguez, Daniel"]
[Black "Grot, Blazej"]
[WhiteFideId "2208466"]
[BlackFideId "21835845"]
[WhiteElo "2371"]
[BlackElo "1990"]
[Result "0-1"]
[Round "05"]
[TimeControl "180+2"]
[Date "2023.02.07"]
[WhiteClock "0:00:05"]
[BlackClock "0:00:06"]

1. d4 d5 2. c4 c6 3. cxd5 cxd5 4. Nc3 Nf6 5. Bf4 Nc6 6. e3 Bf5 7. Nf3 e6 8. Qb3 Qb6 9. Qxb6 axb6 10. Bb5 Bb4 11. Ne5 O-O 12. Bxc6 bxc6 13. Nxc6 Bxc3+ 14. bxc3 Ne4 15. Bc7 Rfe8 16. Nb4 Nxc3 17. f3 Ra4 18. a3 Nb5 19. Bxb6 Nxa3 20. Bc5 Rxb4 21. Bxb4 Nc2+ 22. Kd2 Nxb4 23. g4 Bg6 24. h4 h6 25. h5 Bh7 26. Ra4 Nc6 27. Rc1 Ne7 28. Rca1 Kf8 29. Ra7 e5 30. Rd7 exd4 31. exd4 g6 32. Raa7 gxh5 33. gxh5 Bf5 34. Rdc7 Be6 35. f4 Nf5 36. Kc3 Rb8 37. Rcb7 Rxb7 38. Rxb7 Ng3 39. Kb4 Nxh5 40. Kc5 Nxf4 41. Kd6 Kg7 42. Ke5 Ng6+ 43. Kd6 h5 44. Rb1 h4 45. Rh1 h3 46. Rh2 Kh6 0-1


[Site "https://www.chess.com"]

[Event "Titled Tuesday Blitz February 07 Late 2023"]
[White "Golubev, Mikhail"]
[Black "Aguilar, Juan"]
[WhiteFideId "14100983"]
[BlackFideId "3800091"]
[WhiteElo "2461"]
[BlackElo "2254"]
[Result "1-0"]
[Round "05"]
[TimeControl "180+2"]
[Date "2023.02.07"]
[WhiteClock "0:01:33"]
[BlackClock "0:00:36"]

1. e4 g6 2. d4 Bg7 3. c3 d6 4. Bg5 Nf6 5. Nd2 O-O 6. Be2 e5 7. dxe5 dxe5 8. Ngf3 Nc6 9. O-O h6 10. Bh4 Be6 11. Re1 Qe7 12. Bc4 a5 13. a4 Bxc4 14. Nxc4 Qc5 15. Qb3 b6 16. Qb5 Rfe8 17. Qxc5 bxc5 18. Rad1 g5 19. Bg3 Nh5 20. Rd5 Nf4 21. Bxf4 exf4 22. Rxc5 Re6 23. e5 Rae8 24. Nd4 Nxd4 25. cxd4 Rb8 26. Rxc7 1-0


[Site "https://www.chess.com"]

[Event "Titled Tuesday Blitz February 07 Late 2023"]
[White "Figorito, Nick"]
[Black "Aggelis, Nikolaos"]
[WhiteFideId "30923689"]
[BlackFideId "4213220"]
[WhiteElo "2036"]
[BlackElo "2270"]
[Result "0-1"]
[Round "05"]
[TimeControl "180+2"]
[Date "2023.02.07"]
[WhiteClock "0:00:44"]
[BlackClock "0:02:15"]

1. Nf3 Nf6 2. g3 g6 3. Bg2 Bg7 4. O-O O-O 5. c4 d5 6. cxd5 Nxd5 7. Nc3 Nxc3 8. bxc3 c5 9. d4 Nc6 10. e3 Qc7 11. a4 Rd8 12. Qb3 b6 13. Ng5 e6 14. Ba3 Na5 15. Qa2 Bb7 16. Bxb7 Nxb7 17. Nf3 Qc6 18. Ne5 Bxe5 19. dxe5 Qe4 20. c4 Na5 21. Rac1 Rd3 22. Qb1 Rad8 23. Qb5 Rxa3 24. Rcd1 Rad3 25. Rxd3 Qxd3 26. h4 Qxc4 27. Qb1 h5 28. Rd1 Rd5 29. Rxd5 Qxd5 30. Qb5 Qxe5 31. Qe8+ Kg7 32. Qe7 c4 33. Qxa7 Qc5 34. Qd7 c3 35. Qd1 c2 36. Qa1+ f6 37. Qc1 Nb3 0-1


[Site "https://www.chess.com"]

[Event "Titled Tuesday Blitz February 07 Late 2023"]
[White "Sarkar, Justin"]
[Black "Maltsevskaya, Aleksandra"]
[WhiteFideId "2010011"]
[BlackFideId "24174041"]
[WhiteElo "2309"]
[BlackElo "2390"]
[Result "1-0"]
[Round "05"]
[TimeControl "180+2"]
[Date "2023.02.07"]
[WhiteClock "0:00:31"]
[BlackClock "0:00:16"]

1. d4 c5 2. d5 e6 3. Nc3 Nf6 4. e4 exd5 5. e5 Ng8 6. Nxd5 Nc6 7. Nf3 d6 8. Bg5 Qa5+ 9. Qd2 Nb4 10. Bb5+ Bd7 11. Bxd7+ Kxd7 12. O-O Nc6 13. Qd3 g6 14. exd6 Bg7 15. Rad1 Re8 16. c3 Qa6 17. Qxa6 bxa6 18. Nc7 Rb8 19. Nxa6 Rb5 20. Be3 Nf6 21. Nxc5+ Kd8 22. b4 h6 23. a4 Rb8 24. b5 Na5 25. Ne5 Rf8 26. Nc6+ 1-0


[Site "https://www.chess.com"]

[Event "Titled Tuesday Blitz February 07 Late 2023"]
[White "Defend, Balint"]
[Black "Rottenwohrer Suarez, Juan"]
[WhiteFideId "17004853"]
[BlackFideId "32068182"]
[WhiteElo "1673"]
[BlackElo "2265"]
[Result "0-1"]
[Round "05"]
[TimeControl "180+2"]
[Date "2023.02.07"]
[WhiteClock "0:01:31"]
[BlackClock "0:01:06"]

1. e4 c5 2. Nf3 g6 3. c4 Nc6 4. d4 cxd4 5. Nxd4 Nf6 6. Nc3 d6 7. Be3 Ng4 8. Bf4 Nxd4 9. Qxd4 e5 10. Bxe5 dxe5 11. Qxd8+ Kxd8 12. f3 Ne3 13. Bd3 Nxg2+ 14. Kf2 Nf4 15. Bc2 Bc5+ 16. Kg3 Be6 17. Nd5 Bxd5 18. cxd5 Bd4 19. Rhd1 Rc8 20. Ba4 a6 21. Rab1 h5 22. h4 Ke7 23. d6+ Kf6 24. d7 Rcd8 25. Bb3 Rxd7 26. Rbc1 Ne2+ 0-1


[Site "https://www.chess.com"]

[Event "Titled Tuesday Blitz February 07 Late 2023"]
[White "Kavutskiy, Konstantin"]
[Black "Melikhov, Evgeny V."]
[WhiteFideId "2026384"]
[BlackFideId "4122046"]
[WhiteElo "2414"]
[BlackElo "2269"]
[Result "1-0"]
[Round "05"]
[TimeControl "180+2"]
[Date "2023.02.07"]
[WhiteClock "0:00:38"]
[BlackClock "0:00:04"]

1. d4 Nf6 2. Bg5 e6 3. Nd2 h6 4. Bh4 c5 5. e4 cxd4 6. e5 g5 7. Bg3 Nd5 8. h4 Bg7 9. hxg5 Qxg5 10. Rh5 Qe7 11. a3 Nc6 12. Nc4 Kf8 13. Nf3 Qc5 14. Nd6 Nde7 15. Bd3 a5 16. Qd2 b6 17. Qf4 Nd8 18. Bh4 Ba6 19. Bxe7+ Kxe7 20. Qh4+ Kf8 21. Bxa6 Qxc2 22. Bb7 Rb8 23. Be4 Qxb2 24. Rd1 Nc6 25. Bxc6 dxc6 26. Qf4 Qc3+ 27. Kf1 f5 28. exf6 1-0


[Site "https://www.chess.com"]

[Event "Titled Tuesday Blitz February 07 Late 2023"]
[White "Goncalves, Davi Sulzbacher"]
[Black "Kleiman, Jake"]
[WhiteFideId "2154510"]
[BlackFideId "2020041"]
[WhiteElo "2282"]
[BlackElo "2399"]
[Result "0-1"]
[Round "05"]
[TimeControl "180+2"]
[Date "2023.02.07"]
[WhiteClock "0:02:06"]
[BlackClock "0:02:27"]

1. d4 Nf6 2. Nf3 e6 3. g3 d5 4. Bg2 b5 5. a4 b4 6. O-O Nbd7 7. c4 bxc3 8. Nxc3 Be7 9. Ne5 Nxe5 10. dxe5 Nd7 11. e4 c6 12. exd5 cxd5 13. Re1 O-O 14. Nb5 Nc5 15. Be3 Bd7 16. Qc2 Nxa4 17. Rxa4 Bxb5 18. Rxa7 Rxa7 19. Bxa7 Qa5 20. Bc5 Qxe1+ 0-1


[Site "https://www.chess.com"]

[Event "Titled Tuesday Blitz February 07 Late 2023"]
[White "Freile Martin, Javier"]
[Black "Dobrikov, Marco"]
[WhiteFideId "3600165"]
[BlackFideId "12950378"]
[WhiteElo "2329"]
[BlackElo "2269"]
[Result "0-1"]
[Round "05"]
[TimeControl "180+2"]
[Date "2023.02.07"]
[WhiteClock "0:00:12"]
[BlackClock "0:01:48"]

1. c4 g6 2. d4 Nf6 3. Nc3 d5 4. h4 h6 5. h5 g5 6. e3 Bg7 7. Qc2 O-O 8. Nf3 c6 9. Bd2 Bg4 10. Ne5 Bxh5 11. f3 Nbd7 12. g4 Nxe5 13. dxe5 Nxg4 14. Rxh5 Nxe5 15. O-O-O Nxf3 16. Qf5 Nxd2 17. Rxd2 e6 18. Qh3 f5 19. cxd5 cxd5 20. Kb1 Rc8 21. Bd3 Qa5 22. Rxh6 Rxc3 23. bxc3 Qxc3 24. Rh2 Qa1+ 25. Kc2 Rc8+ 26. Kd2 Qb2+ 27. Ke1 Rc1# 0-1


[Site "https://www.chess.com"]

[Event "Titled Tuesday Blitz February 07 Late 2023"]
[White "Tyagi, Kushan"]
[Black "Gurevich, Dmitry"]
[WhiteFideId "2040069"]
[BlackFideId "2000407"]
[WhiteElo "2060"]
[BlackElo "2393"]
[Result "0-1"]
[Round "05"]
[TimeControl "180+2"]
[Date "2023.02.07"]
[WhiteClock "0:00:04"]
[BlackClock "0:00:27"]

1. d4 Nf6 2. c4 a6 3. Nc3 c5 4. d5 b5 5. cxb5 axb5 6. Nxb5 Qa5+ 7. Nc3 Bb7 8. Bd2 Qb6 9. e4 e6 10. dxe6 fxe6 11. Qc2 Nc6 12. Nf3 Nd4 13. Qb1 Be7 14. Bd3 Nxf3+ 15. gxf3 Bd6 16. Rg1 O-O 17. f4 c4 18. Bxc4 Bc5 19. Rg2 d5 20. Bd3 dxe4 21. Nxe4 Bxe4 22. Bxe4 Ra4 23. Bd3 Bb4 24. Qc2 Bxd2+ 25. Qxd2 Rd4 26. Qc2 Qd6 27. Rd1 Rd8 28. Rg3 Qxf4 29. Kf1 Kh8 30. Qe2 e5 31. Kg1 e4 32. Bc2 Rxd1+ 33. Bxd1 Qc1 34. Rc3 Rxd1+ 35. Qxd1 Qxd1+ 36. Kg2 h6 37. Rc8+ Kh7 0-1


[Site "https://www.chess.com"]

[Event "Titled Tuesday Blitz February 07 Late 2023"]
[White "Krallis, Christos"]
[Black "Battlecruiser_Operational"]
[WhiteFideId "4298896"]
[WhiteElo "2344"]
[BlackElo "2371"]
[Result "1-0"]
[Round "05"]
[TimeControl "180+2"]
[Date "2023.02.07"]
[WhiteClock "0:00:15"]
[BlackClock "0:00:10"]

1. e4 e6 2. d4 d5 3. Nd2 h6 4. Bd3 c5 5. dxc5 Bxc5 6. Ngf3 Nf6 7. Qe2 Nc6 8. c3 a6 9. O-O O-O 10. h3 Qc7 11. Re1 Nh5 12. Nb3 Ng3 13. Qc2 dxe4 14. Nxc5 exd3 15. Nxd3 Nf5 16. Bf4 Qe7 17. Rad1 Bd7 18. Nde5 Nxe5 19. Nxe5 Rfd8 20. Nc4 Bc6 21. Rxd8+ Qxd8 22. Rd1 Qf6 23. Ne5 Bxg2 24. Ng4 Qg6 25. Ne5 Be4+ 26. Nxg6 Bxc2 27. Rd2 Be4 28. Ne5 g5 29. Be3 Nh4 30. Rd7 Bd5 31. c4 Bc6 32. Nxc6 bxc6 33. Rc7 Rb8 34. b3 a5 35. Rxc6 a4 36. bxa4 Rb1+ 37. Kh2 Ra1 38. a5 Rxa2 39. a6 Kh7 40. a7 Kg6 41. Rc8 Nf3+ 42. Kg2 Nh4+ 43. Kf1 Ra1+ 44. Ke2 Ra2+ 45. Kd3 Nf3 46. a8=Q Ne5+ 47. Kc3 1-0


[Site "https://www.chess.com"]

[Event "Titled Tuesday Blitz February 07 Late 2023"]
[White "Fernandez Siles, Luis"]
[Black "Veiga, Jose Francisco R P Neves"]
[WhiteFideId "2209420"]
[BlackFideId "1930087"]
[WhiteElo "2218"]
[BlackElo "2406"]
[Result "0-1"]
[Round "05"]
[TimeControl "180+2"]
[Date "2023.02.07"]
[WhiteClock "0:00:09"]
[BlackClock "0:00:06"]

1. d4 Nf6 2. c4 e6 3. Nc3 Bb4 4. e3 O-O 5. Ne2 d5 6. a3 Be7 7. cxd5 exd5 8. g3 h5 9. h3 c6 10. Bg2 Bf5 11. Nf4 h4 12. g4 Bh7 13. O-O Nbd7 14. Nd3 Ne8 15. f4 f5 16. g5 Bg6 17. Qe1 Nd6 18. Qxh4 Ne4 19. Nxe4 fxe4 20. Ne5 Nxe5 21. dxe5 Qb6 22. Bd2 Qxb2 23. Qf2 Qb6 24. Rab1 Qc7 25. h4 Bf5 26. h5 g6 27. Qh4 Kg7 28. Bh3 Bxh3 29. h6+ Kh7 30. Qxh3 Rf5 31. Kf2 Raf8 32. Kg2 b5 33. Rfc1 Qd7 34. Bb4 Bxb4 35. axb4 d4 36. exd4 Qxd4 37. Rd1 Qc4 38. Rd7+ R8f7 39. Rbd1 Rxf4 40. Rxf7+ Rxf7 41. Rd7 Qe2+ 42. Kg1 Qe1+ 43. Kg2 Qf1+ 44. Kg3 Qxh3+ 45. Kxh3 Rxd7 46. Kg4 Rf7 47. e6 Re7 0-1


[Site "https://www.chess.com"]

[Event "Titled Tuesday Blitz February 07 Late 2023"]
[White "Filgueira, Hernan"]
[Black "Miszler, Levente"]
[WhiteFideId "101770"]
[BlackFideId "763276"]
[WhiteElo "2283"]
[BlackElo "2271"]
[Result "1-0"]
[Round "05"]
[TimeControl "180+2"]
[Date "2023.02.07"]
[WhiteClock "0:00:16"]
[BlackClock "0:00:17"]

1. e4 e6 2. d4 d5 3. Nc3 Nf6 4. e5 Nfd7 5. Nf3 c5 6. dxc5 Nc6 7. Bf4 Bxc5 8. Bd3 f6 9. exf6 Nxf6 10. O-O O-O 11. Bg3 Bd7 12. Ne5 Nxe5 13. Bxe5 Be8 14. Kh1 Bd6 15. Qe2 Bh5 16. f3 Ne4 17. Bxd6 Nxd6 18. Qxe6+ Bf7 19. Qh3 g6 20. a4 Qb6 21. b3 Rac8 22. Ne2 Rfe8 23. a5 Qb4 24. Qg4 Qd2 25. Ng3 Be6 26. Qh4 Bf7 27. a6 bxa6 28. Rxa6 Re1 29. Rxd6 Qf2 30. Rd8+ Rxd8 31. Qxd8+ Kg7 32. Rxe1 Qxe1+ 33. Nf1 h5 34. Qg5 a5 35. Qd2 Qa1 36. Kg1 Qd4+ 37. Qf2 Qa1 38. f4 a4 39. bxa4 Qxa4 40. f5 gxf5 41. Qxf5 Qa7+ 42. Qf2 Qa4 43. h3 Qa1 44. Kh2 Qe5+ 45. Qg3+ Qxg3+ 46. Nxg3 Kf6 47. Ne2 Ke5 48. g3 Be6 49. Kg2 d4 50. Kf2 Bd5 51. h4 Be6 52. Nf4 Bg4 53. Ng6+ Kf6 54. Nf4 Ke5 55. Be2 Bf5 56. Nd3+ Kf6 57. Bxh5 1-0


[Site "https://www.chess.com"]

[Event "Titled Tuesday Blitz February 07 Late 2023"]
[White "ArchibaldCerveza29"]
[Black "Carrasco Miranda, Andres"]
[BlackFideId "3405990"]
[WhiteElo "2520"]
[BlackElo "2240"]
[Result "0-1"]
[Round "05"]
[TimeControl "180+2"]
[Date "2023.02.07"]
[WhiteClock "0:00:08"]
[BlackClock "0:00:13"]

1. e4 c5 2. Nf3 d6 3. d4 cxd4 4. Nxd4 Nf6 5. Nc3 a6 6. Rg1 h5 7. Bg5 e6 8. f4 Be7 9. Qf3 Qc7 10. O-O-O Nbd7 11. h3 b5 12. g4 hxg4 13. hxg4 Bb7 14. Bxf6 gxf6 15. f5 e5 16. Nb3 Nb6 17. Na5 b4 18. Nb1 Rh2 19. Rd2 Rxd2 20. Nxd2 Qc5 21. Nxb7 Qxg1 22. Qd3 Qxg4 23. Nxd6+ Kf8 24. N6c4 Rd8 25. Qe3 Nxc4 26. Bxc4 Qf4 27. Qe2 Bc5 28. Bd5 Be3 29. Kd1 Bxd2 30. Qxd2 Qxd2+ 31. Kxd2 a5 32. Kd3 Rc8 33. c4 Ke7 34. Kc2 Kd6 35. Kb3 Kc5 36. Bxf7 Rh8 37. Ka4 Kb6 38. Bd5 Rh2 39. Kb3 Kc5 40. a3 bxa3 41. Kxa3 Rh1 42. Ka4 Ra1+ 43. Kb3 a4+ 44. Kc2 Kb4 45. Bf7 Rh1 46. Bd5 Rh2+ 47. Kb1 Re2 48. Kc1 Kc5 49. Kb1 Kd4 50. Ka2 Rxe4 51. Bxe4 Kxe4 52. Ka3 Kd4 53. Kb4 e4 54. c5 e3 55. c6 e2 56. c7 e1=Q+ 57. Kxa4 Qc1 58. b4 Qxc7 59. b5 Qb6 60. Kb4 Kd3 61. Kb3 Qxb5+ 62. Ka3 Kc2 63. Ka2 Qa4# 0-1


[Site "https://www.chess.com"]

[Event "Titled Tuesday Blitz February 07 Late 2023"]
[White "Rego, Pedro Filipe"]
[Black "Dauner, Benedikt"]
[WhiteFideId "1904310"]
[BlackFideId "16225899"]
[WhiteElo "2312"]
[BlackElo "2400"]
[Result "1-0"]
[Round "05"]
[TimeControl "180+2"]
[Date "2023.02.07"]
[WhiteClock "0:00:08"]
[BlackClock "0:00:17"]

1. c4 c5 2. g3 g6 3. Bg2 Bg7 4. Nc3 Nc6 5. e3 d6 6. Nge2 Qd7 7. d4 b6 8. O-O Bb7 9. b3 e6 10. Bb2 Nge7 11. dxc5 dxc5 12. Qxd7+ Kxd7 13. Rfd1+ Ke8 14. Rab1 Kf8 15. Rd7 Rb8 16. Nb5 Bxb2 17. Rxb2 Kg7 18. Nxa7 Rhd8 19. Rbd2 Nd4 20. Rxb7 Rxb7 21. Nxd4 cxd4 22. Bxb7 dxe3 23. Re2 exf2+ 24. Kxf2 Rd7 25. Nc8 Rxb7 26. Nxe7 Rxe7 27. a4 Rd7 28. Rb2 Rd3 29. Ke2 Rc3 30. Kd2 Rf3 31. b4 Ra3 32. c5 bxc5 33. b5 Rxa4 34. b6 Ra8 35. b7 Rb8 36. Kd3 e5 37. Kc4 f5 38. Kxc5 e4 39. Kd6 Kf6 40. Kc7 Re8 41. b8=Q Rxb8 42. Rxb8 g5 43. Kd6 f4 44. Rf8+ Kg6 45. gxf4 gxf4 46. Rxf4 e3 47. Re4 Kg5 48. Rxe3 h5 49. Rg3+ Kh4 50. Rc3 Kg4 51. Ke5 h4 52. Rc4+ Kh3 53. Rc2 Kg4 54. Ke4 Kh3 55. Ke3 Kg4 56. Kf2 Kh3 57. Kg1 Kg4 58. Rc3 h3 59. Kf2 Kh4 60. Rg3 Kh5 61. Kf3 Kh4 62. Kf4 Kh5 63. Kf5 Kh4 64. Rf3 1-0


[Site "https://www.chess.com"]

[Event "Titled Tuesday Blitz February 07 Late 2023"]
[White "Prem, Pranav"]
[Black "Bernat, David"]
[WhiteFideId "30901057"]
[BlackFideId "2099225"]
[WhiteElo "2061"]
[BlackElo "1862"]
[Result "1-0"]
[Round "05"]
[TimeControl "180+2"]
[Date "2023.02.07"]
[WhiteClock "0:01:35"]
[BlackClock "0:01:41"]

1. d4 d5 2. c4 e5 3. dxe5 d4 4. Nf3 Nc6 5. a3 Nge7 6. b4 Ng6 7. Bb2 Ngxe5 8. Nxe5 Nxe5 9. e3 Be6 10. Bxd4 Nxc4 11. Qc2 b5 12. Nc3 c6 13. Bd3 a5 14. O-O axb4 15. axb4 Bxb4 16. Bxc4 Bxc4 17. Qe4+ Kf8 18. Qxc6 Rxa1 19. Rxa1 Kg8 20. Ra8 1-0


[Site "https://www.chess.com"]

[Event "Titled Tuesday Blitz February 07 Late 2023"]
[White "Reprintsev, Alexander"]
[Black "Van Dael, Siem"]
[WhiteFideId "14100541"]
[BlackFideId "1049771"]
[WhiteElo "2253"]
[BlackElo "2319"]
[Result "0-1"]
[Round "05"]
[TimeControl "180+2"]
[Date "2023.02.07"]
[WhiteClock "0:00:12"]
[BlackClock "0:00:09"]

1. e4 c5 2. b3 Nc6 3. Bb2 e5 4. f4 exf4 5. Qf3 Qh4+ 6. g3 fxg3 7. hxg3 Qe7 8. Bc4 Nf6 9. Bxf6 Qxf6 10. Qxf6 gxf6 11. Nc3 Bd6 12. Nge2 Be5 13. O-O-O a6 14. Nf4 b5 15. Bd5 Bb7 16. Nce2 O-O-O 17. c3 Ne7 18. Bxb7+ Kxb7 19. d4 cxd4 20. cxd4 Bc7 21. Kd2 d5 22. exd5 Nxd5 23. Nxd5 Rxd5 24. Rh6 Rd6 25. Rf1 Bd8 26. Kd3 Be7 27. Nc3 Rhd8 28. Rf4 Re6 29. Ne4 f5 30. Rxe6 fxe6 31. Nc3 Bd6 32. Rh4 Bxg3 33. Rxh7+ Kb6 34. Re7 e5 35. d5 e4+ 36. Kd4 Rd6 37. Re6 Kc7 38. Re7+ Rd7 39. Re6 Rd6 40. Re7+ Kb6 41. Re6 a5 42. Rxd6+ Bxd6 43. a4 bxa4 44. bxa4 Bf8 45. Nb5 Bg7+ 46. Ke3 Kc5 47. Kf4 Kxd5 48. Kxf5 e3 49. Na3 e2 50. Nc2 Bc3 51. Kf4 e1=Q 52. Nxe1 Bxe1 53. Ke3 Kc4 0-1


[Site "https://www.chess.com"]

[Event "Titled Tuesday Blitz February 07 Late 2023"]
[White "TheKnightOfBosnia"]
[Black "Ruiz Aguilar, Pablo Alexander"]
[BlackFideId "4401352"]
[WhiteElo "2526"]
[BlackElo "2161"]
[Result "1-0"]
[Round "05"]
[TimeControl "180+2"]
[Date "2023.02.07"]
[WhiteClock "0:00:15"]
[BlackClock "0:00:01"]

1. e4 c5 2. Nf3 e6 3. d4 cxd4 4. Nxd4 a6 5. Bd3 Nf6 6. O-O Nc6 7. Nb3 d5 8. Nc3 dxe4 9. Nxe4 Nxe4 10. Bxe4 Qxd1 11. Rxd1 Bd7 12. Be3 O-O-O 13. Bb6 Re8 14. Na5 Nxa5 15. Bxa5 Bc6 16. Bxc6 bxc6 17. Rd3 Be7 18. Rad1 Bd8 19. Bc3 Bf6 20. Bxf6 gxf6 21. Kf1 Re7 22. Rd6 Kc7 23. Ke2 Rg8 24. g3 Rb8 25. b3 Rb5 26. c4 Ra5 27. a4 Rh5 28. h4 Re5+ 29. Kf3 Rf5+ 30. Ke4 Rd5 31. cxd5 exd5+ 32. Kf5 Kxd6 33. Kxf6 Re2 34. f4 Re3 35. g4 Rxb3 36. Kxf7 c5 37. f5 c4 38. g5 c3 39. g6 hxg6 40. fxg6 Ke5 41. Re1+ Kf5 42. g7 Rb7+ 43. Re7 Rxe7+ 44. Kxe7 c2 45. g8=Q c1=Q 46. Qxd5+ Kg4 47. Qe4+ Kh5 48. Kd6 Qa3+ 49. Kc6 a5 50. Kb5 Qb3+ 51. Kxa5 Qb8 52. Ka6 Qd6+ 53. Kb5 Qd7+ 54. Qc6 1-0


[Site "https://www.chess.com"]

[Event "Titled Tuesday Blitz February 07 Late 2023"]
[White "Mione, Dario"]
[Black "Toncheva, Nadya"]
[WhiteFideId "806625"]
[BlackFideId "2924056"]
[WhiteElo "2228"]
[BlackElo "2295"]
[Result "0-1"]
[Round "05"]
[TimeControl "180+2"]
[Date "2023.02.07"]
[WhiteClock "0:00:15"]
[BlackClock "0:00:56"]

1. Nf3 c5 2. c4 Nc6 3. Nc3 g6 4. g3 Bg7 5. Bg2 e5 6. d3 Nge7 7. Be3 d6 8. Qd2 Nf5 9. Nd5 Nxe3 10. Qxe3 O-O 11. Qd2 Be6 12. Ng5 Bxd5 13. Bxd5 h6 14. Nf3 Qd7 15. a3 Ne7 16. e4 Nxd5 17. exd5 f5 18. O-O-O b5 19. Nh4 Kh7 20. f4 Rab8 21. fxe5 Bxe5 22. Rhe1 bxc4 23. Rxe5 dxe5 24. dxc4 e4 25. Qe3 Qd6 26. Rd2 Rf7 27. Ng2 Rfb7 28. h4 Rb3 29. Qf2 Rxg3 30. h5 Rbb3 31. hxg6+ Qxg6 32. Nf4 Qd6 33. Nh5 Rg5 34. Qe2 Rh3 0-1


[Site "https://www.chess.com"]